 Dungeon Crawl Stone Soup version 0.29-a0-322-g68df515428 (webtiles) character file.

Game seed: 4503230346743800841

4205 croobank the Firebug (level 10, -6/117 HPs)
             Began as a Hill Orc Fire Elementalist on Apr 9, 2022.
             Was a Believer of Beogh.
             Mangled by an orc knight
             ... wielding a +0 war axe
              (20 damage)
             ... in a bailey.
             The game lasted 00:40:39 (7893 turns).

croobank the Firebug (Hill Orc Fire Elementalist)   Turns: 7893, Time: 00:40:40

Health: -6/117     AC:  8    Str: 12    XL:     10   Next: 29%
Magic:  17/17      EV: 13    Int: 19    God:    Beogh [**....]
Gold:   150        SH:  3    Dex: 11    Spells: 4/18 levels left

rFire   + . .      SeeInvis .   a - +8 spear of the Penguin {elec, Will+ rCorr}
rCold   . . .      Faith    .   p - +0 buckler {AC+3}
rNeg    . . .      Spirit   .   E - +0 troll leather armour
rPois   .          Reflect  .   (no helmet)
rElec   .          Harm     .   g - +0 cloak
rCorr   +          Rampage  .   (no gloves)
Will    +....                   (no boots)
Stlth   ..........              m - amulet of magic regeneration
HPRegen 1.09/turn               t - ring of protection from fire
MPRegen 0.55/turn               (no ring)

@: berserking, very quick
A: sturdy frame 1
a: Renounce Religion, Smiting


You were in a bailey.
You worshipped Beogh.
Beogh was pleased with you.
You visited 1 branch of the dungeon, and saw 9 of its levels.
You also visited: Sewer and Bailey.

You collected 619 gold pieces.
You spent 469 gold pieces at shops.

Inventory:

Hand Weapons
 a - the +8 spear of the Penguin (weapon) {elec, Will+ rCorr}
   (You found it on level 6 of the Dungeon)

   It occasionally discharges a powerful burst of electricity upon striking a
   foe.
   rCorr:     It protects you from acid and corrosion.
   Will:      It increases your willpower.
 b - a +1 hunting sling
 u - a +0 arbalest
 H - a +1 short sword of speed
 I - a +2 short sword of venom
 K - a +1 rapier of draining
Missiles
 i - 230 stones (quivered)
 j - 29 boomerangs
 k - 25 poisoned darts
Armour
 g - a +0 cloak (worn)
 p - a +0 buckler of protection (worn)
 y - a +0 ring mail
 D - a +0 robe
 E - a +0 troll leather armour (worn)
 M - a +0 kite shield
Magical Staves
 l - a staff of air
Jewellery
 f - an amulet of reflection
 m - an amulet of magic regeneration (around neck)
 t - a ring of protection from fire (left hand)
 z - an amulet of the acrobat
Wands
 w - a wand of polymorph (8)
 G - a wand of flame (11)
Scrolls
 d - 8 scrolls of teleportation
 h - a scroll of fear {unknown}
 v - 2 scrolls of blinking
 B - 3 scrolls of identify
 C - a scroll of enchant weapon
 F - 2 scrolls of torment
 J - a scroll of fog
 L - a scroll of enchant armour {unknown}
Potions
 c - a potion of brilliance
 e - 3 potions of ambrosia
 n - 4 potions of curing
 o - 2 potions of magic
 q - a potion of mutation
 r - 2 potions of cancellation
 x - 2 potions of lignification
 A - 2 potions of heal wounds
 N - a potion of invisibility {unknown}


   Skills:
 - Level 3.8 Fighting
 - Level 5.2 Dodging
 - Level 5.7 Stealth
 + Level 4.9 Spellcasting
 - Level 6.0 Conjurations
 * Level 0.7 Translocations
 - Level 7.2 Fire Magic
 - Level 5.6 Invocations


You had 4 spell levels left.
You knew the following spells:

 Your Spells              Type           Power      Damage    Failure   Level
a - Foxfire               Conj/Fire      100%       2x1d9     1%          1
b - Scorch                Fire           64%        2d8       1%          2
c - Flame Wave            Conj/Fire      29%        2d8       12%         4
d - Conjure Flame         Conj/Fire      29%        6-21      3%          3
e - Iskenderun's Mystic   Conj/Tloc      17%        2d5       41%         4

Your spell library contained the following spells:

 Spells                   Type           Power      Damage    Failure   Level
 Magic Dart               Conj           100%       1d8       1%          1
 Inner Flame              Hex/Fire       18%        N/A       12%         3
 Call Canine Familiar     Summ           4%         N/A       50%         3
 Iskenderun's Battlesphe  Conj           27%        2d8       38%         5
 Iron Shot                Conj/Erth      8%         9d3       100%        6
 Spellforged Servitor     Conj/Summ      8%         N/A       100%        7


Dungeon Overview and Level Annotations

Branches:
Dungeon (9/15)             Temple (0/1) D:5           Sewer (visited)
 Bailey (1/1)
   Lair: D:8-11         Orc: D:9-12

Altars:
Makhleb
Qazlal
Sif Muna
Vehumet
The Shining One

Shops:
D:4 ?   D:6 :

Annotations:
Bailey 3 runed translucent doors


Innate Abilities, Weirdness & Mutations

Your movements are slightly less encumbered by armour. (ER -2)


Message History

The hobgoblin hits you but does no damage.
Unknown command.
You closely miss the orc knight.
The orc knight is heavily wounded.
The orc knight barely misses you.
The hobgoblin hits you but does no damage.
Unknown command.
You hit the orc knight but do no damage.
The orc knight is heavily wounded.
The orc knight barely misses you. The hobgoblin closely misses you.
Unknown command.
You hit the orc knight but do no damage.
Lightning courses through the orc knight!!
The orc knight is almost dead.
You block the orc knight's attack.
Unknown command.
You barely miss the orc knight.
The orc knight is almost dead.
You block the hobgoblin's attack.
Unknown command.
You hit the orc knight but do no damage.
The orc knight is almost dead.
The orc knight hits you with a +0 war axe.
* * * LOW HITPOINT WARNING * * *
The hobgoblin closely misses you.
Unknown command.
You closely miss the orc knight.
The orc knight is almost dead.
The orc knight hits you with a +0 war axe!
* * * LOW HITPOINT WARNING * * *
The hobgoblin misses you.
You are too berserk!
You are too berserk!
You are too berserk!
Unknown command.
You completely miss the orc knight.
The orc knight is almost dead.
The orc knight hits you with a +0 war axe!!
You die...
Beogh appreciates the orc knight's killing of a heretic priest.

≈≈#.......†#########......8...#
≈≈#..8..8.†).)....†'.)))......#
#..........#≈≈≈≈≈#..........#
##.........#≈≈≈≈≈#...8..8..##
##...8...##≈≈≈≈≈##.......##
##.....##.......##.....##
##...##.........##...## ####
♣♣♣..og.♣♣♣##### ♣♣♣@♣♣♣ ♣♣♣


You could see an orc knight and a hobgoblin.

Vanquished Creatures
  A troll (D:6)
  4 slime creatures (D:7)
  A wyvern (D:7)
  A steam dragon (D:7)
  3 yaks
  3 orc warriors
  An ice beast (D:7)
  2 sky beasts (D:8)
  2 ogres
  2 phantoms
  6 bullfrogs
  2 scorpions
  A gnoll sergeant (D:8)
  5 killer bees (D:8)
  A howler monkey (D:3)
  2 jellies
  5 hounds
  2 orc priests
  2 iguanas (D:5)
  4 orc wizards
  Robin (D:2)
  9 gnolls
  12 adders
  3 shadow imps
  3 white imps
  2 worms
  3 dart slugs
  21 orcs
  7 bats
  17 endoplasms
  19 giant cockroaches
  19 goblins
  6 hobgoblins
  2 jackals
  14 quokkas
  11 ball pythons
  10 frilled lizards
  14 kobolds
  4 rats
227 creatures vanquished.

Vanquished Creatures (others)
  A scorpion (D:4)
  2 orc priests (D:4)
  3 orcs (D:4)
  309 foxfires
  9 toadstools (D:6)
324 creatures vanquished.

Grand Total: 551 creatures vanquished

Notes
Turn   | Place    | Note
-------+----------+-------------------------------------------
     0 | D:1      | croobank the Hill Orc Fire Elementalist began the quest for
                  | the Orb.
     0 | D:1      | Reached XP level 1. HP: 14/14 MP: 3/3
   201 | D:1      | Reached XP level 2. HP: 20/20 MP: 2/4
   204 | D:1      | Learned a level 2 spell: Scorch
  1075 | D:1      | Reached XP level 3. HP: 26/26 MP: 2/5
  1783 | D:2      | Noticed Robin
  1809 | D:2      | Killed Robin
  1810 | D:2      | Reached XP level 4. HP: 20/33 MP: 1/7
  1989 | D:2      | Learned a level 4 spell: Flame Wave
  2470 | D:3      | Reached skill level 4 in Fire Magic
  2470 | D:3      | Reached XP level 5. HP: 38/38 MP: 4/8
  2578 | D:3      | Found a faded altar of an unknown god.
  2593 | D:3      | Found a radiant altar of Vehumet.
  2609 | D:3      | Reached XP level 6. HP: 33/45 MP: 1/9
  2879 | D:3      | Found a glowing drain.
  2906 | Sewer    | Entered a sewer
  3561 | Sewer    | Reached XP level 7. HP: 44/50 MP: 2/11
  3712 | D:3      | Learned a level 3 spell: Conjure Flame
  3794 | D:4      | Became a worshipper of Beogh the Brigand
  3849 | D:4      | Found Koaratey's Magic Scroll Shop.
  4000 | D:4      | Reached skill level 5 in Fire Magic
  4036 | D:4      | Bought a scroll of blinking for 97 gold pieces
  4036 | D:4      | Bought a scroll of teleportation for 39 gold pieces
  4036 | D:4      | Bought a scroll of identify for 26 gold pieces
  4036 | D:4      | Bought a scroll of teleportation for 39 gold pieces
  4036 | D:4      | Bought a scroll of identify for 26 gold pieces
  4036 | D:4      | Gained mutation: You are somewhat resistant to further
                  | mutation. [potion of mutation]
  4037 | D:4      | Lost mutation: You are somewhat resistant to further
                  | mutation. [potion of mutation]
  4037 | D:4      | Gained mutation: You are frail. (-10% HP) [potion of
                  | mutation]
  4037 | D:4      | Gained mutation: You do not regenerate when monsters are
                  | visible. [potion of mutation]
  4037 | D:4      | Gained mutation: Your magical capacity is low. (-10% MP)
                  | [potion of mutation]
  4037 | D:4      | Gained mutation: You have a pair of small antennae on your
                  | head. [potion of mutation]
  4038 | D:4      | Lost mutation: Your magical capacity is low. (-10% MP)
                  | [potion of mutation]
  4038 | D:4      | Lost mutation: You do not regenerate when monsters are
                  | visible. [potion of mutation]
  4038 | D:4      | Lost mutation: You have a pair of small antennae on your
                  | head. [potion of mutation]
  4038 | D:4      | Lost mutation: You are frail. (-10% HP) [potion of
                  | mutation]
  4038 | D:4      | Gained mutation: Your body sometimes deteriorates upon
                  | taking damage. [potion of mutation]
  4038 | D:4      | Gained mutation: You are weak. (Str -2) [potion of
                  | mutation]
  4038 | D:4      | Gained mutation: You are agile. (Dex +2) [potion of
                  | mutation]
  4039 | D:4      | Lost mutation: You are weak. (Str -2) [potion of mutation]
  4039 | D:4      | Lost mutation: Your body sometimes deteriorates upon taking
                  | damage. [potion of mutation]
  4039 | D:4      | Lost mutation: You are agile. (Dex +2) [potion of mutation]
  4039 | D:4      | Gained mutation: Your movements are slightly less
                  | encumbered by armour. (ER -2) [potion of mutation]
  4518 | D:4      | Found a glowing golden altar of the Shining One.
  4543 | D:5      | Entered Level 5 of the Dungeon
  4548 | D:5      | Reached XP level 8. HP: 46/57 MP: 6/12
  4666 | D:5      | Found a staircase to the Ecumenical Temple.
  4793 | D:5      | Reached skill level 1 in Invocations
  4939 | D:5      | Reached * piety under Beogh
  5315 | D:6      | Found Luhuoshru's Book Boutique.
  5399 | D:6      | Identified the +8 spear of the Penguin {elec, Will+ rCorr}
  5399 | D:6      | Noticed a troll
  5413 | D:6      | Killed a troll
  5874 | D:6      | Bought the Tome of Supportive Conjuration for 242 gold
                  | pieces
  5879 | D:6      | Learned a level 4 spell: Iskenderun's Mystic Blast
  5978 | D:7      | Noticed a wyvern
  5985 | D:7      | Killed a wyvern
  5986 | D:7      | Reached skill level 6 in Fire Magic
  5989 | D:7      | Reached XP level 9. HP: 54/62 MP: 10/14
  6078 | D:7      | Found a burning altar of Makhleb.
  6128 | D:7      | Reached skill level 1 in Fighting
  6128 | D:7      | Reached skill level 5 in Conjurations
  6206 | D:7      | Reached skill level 5 in Stealth
  7032 | D:8      | Reached skill level 7 in Fire Magic
  7032 | D:8      | Reached skill level 5 in Invocations
  7207 | D:7      | Reached skill level 5 in Dodging
  7207 | D:7      | Reached XP level 10. HP: 77/77 MP: 10/16
  7327 | D:8      | Reached ** piety under Beogh
  7499 | D:8      | Found a stormy altar of Qazlal.
  7507 | D:8      | Found a shimmering blue altar of Sif Muna.
  7531 | D:8      | Identified the +7 flail of the Gnat {speed, rElec}
  7672 | D:9      | Found a flagged portal.
  7696 | Bailey   | Entered a bailey
  7701 | Bailey   | Noticed an orc warlord
  7833 | Bailey   | Found a runed translucent gate.
  7835 | Bailey   | Found a runed translucent gate.
  7837 | Bailey   | Found a runed translucent gate.
  7852 | Bailey   | Noticed an orc knight
  7893 | Bailey   | Mangled by an orc knight

Illustrated notes

Levels and vault maps discovered:
D:1:      sevenhm_arrival_forest_fort_small_4, layout_basic
D:2:      layout_loops_ring, fountainhead, minmay_worlds_worst_comb, uniq_robin
D:3:      layout_rooms, overflow_temple_1_default,
          dreamdust_ecumenical_altar_statues, gup_sewer_entry_glass
D:4:      layout_rooms, marbit_many_paths, serial_shops, shop,
          roderic_roman_lattice
D:5:      layout_loops_cross, minmay_temple_entry_ruins
D:6:      cheibrodos_fertilizer, layout_basic, mainiacjoe_overflow_24_doors,
          serial_shops, nicolae_shop_waterfront, corexii_hall_statues_s,
          kennysheep_small_spiral
D:7:      layout_gridville, overflow_temple_1_default, grunt_ministairs_13
D:8:      layout_rooms, mainiacjoe_overflow_large_starburst
D:9:      layout_roguey, lemuel_doored_altar, due_lair_maze_entry_diamond,
          enter_bailey_5
Bailey:   bailey_axe_bossmonster_kennysheep, bailey

Skill      XL: |  1  2  3  4  5  6  7  8  9 10 |
---------------+-------------------------------+-----
Stealth        | 2 3 4 5 |  5.7
Dodging        | 2 3 4 5 |  5.2
Spellcasting   | 2 3 4 |  4.9
Conjurations   | 2 3 4 5 6 |  6.0
Fire Magic     | 4 5 6 7 |  7.2
Invocations    | 3 5 |  5.6
Fighting       | 3 |  3.8
Translocations | |  0.7

Action                   |  1- 3 |  4- 6 |  7- 9 | 10-12 || total
-------------------------+-------+-------+-------+-------++-------
Melee: Unarmed           |     4 |       |       |       ||     4
       Whip              |    11 |     8 |       |       ||    19
       Spear             |       |       |    19 |    43 ||    62
Throw: Throwing net      |       |       |     4 |       ||     4
       Stone             |       |       |     1 |       ||     1
 Cast: Foxfire           |    34 |    64 |    63 |    26 ||   187
       Scorch            |    23 |    61 |   108 |    33 ||   225
       Flame Wave        |       |       |     3 |     1 ||     4
Invok: Convert to Beogh  |       |       |     1 |       ||     1
  Use: Scroll            |       |     5 |    10 |       ||    15
       Potion            |       |       |     6 |     2 ||     8
Armor: Robe              |     3 |     7 |     8 |       ||    18
       Troll leather arm |       |       |    18 |    10 ||    28
Dodge: Dodged            |    16 |    27 |    57 |    34 ||   134
Block: Buckler           |       |     9 |    10 |    12 ||    31

Table legend: (Time is in decaauts)
 A = Elapsed time spent in this place.
 B = Non-inter-level travel time spent in this place.
 C = Inter-level travel time spent in this place.
 D = Time resting spent in this place.
 E = Time spent auto-exploring this place.
 F = Levels seen in this place.
 G = Mean time per level.
                   A        B        C        D        E       F      G
               +--------+--------+--------+--------+--------+-----+--------+
         Total |   7973 |   7749 |    224 |   1128 |   4493 |  11 |  724.8 |
       Dungeon |   7001 |   6777 |    224 |    719 |   4382 |   9 |  777.9 |
         Sewer |    773 |    773 |      0 |    373 |    107 |   1 |  773.0 |
        Bailey |    199 |    199 |      0 |     36 |      3 |   1 |  199.0 |
               +--------+--------+--------+--------+--------+-----+--------+

Top non-repeatable levels by time:
     D:2: 1355 daAuts
     D:1: 1285 daAuts
     D:7: 990 daAuts
   Sewer: 773 daAuts
     D:5: 732 daAuts
     D:8: 730 daAuts
     D:6: 681 daAuts
     D:4: 625 daAuts
     D:3: 576 daAuts
  Bailey: 199 daAuts
     D:9: 24 daAuts
